 Dungeon Crawl Stone Soup version 0.26-a0-1222-g14533b3512 (webtiles) character file.

Game seed: 12619857349615786724

10 HoaS the Chopper (level 2, -1/25 HPs)
             Began as a Minotaur Gladiator on Dec 31, 2020.
             Slain by a worm (9 damage)
             ... on level 1 of the Dungeon.
             The game lasted 00:01:00 (1008 turns).

HoaS the Chopper (Minotaur Gladiator)               Turns: 1008, Time: 00:01:01

Health: -1/25      AC:  5    Str: 18    XL:     2   Next: 10%
Magic:  1/1        EV: 12    Int:  5    God:
Gold:   41         SH:  0    Dex: 11    Spells: 1/1 levels left

rFire    . . .     SeeInvis .   a - +0 war axe
rCold    . . .     Faith    .   (no shield)
rNeg     . . .     Spirit   .   j - +0 ring mail
rPois    .         Reflect  .   c - +0 hat
rElec    .         Harm     .   (no cloak)
rCorr    .         Rampage  .   (no gloves)
Will     .....                  (no boots)
Stlth    +.........             (no amulet)
HPRegen  0.08/turn              (no ring)
MPRegen  0.07/turn              (no ring)

@: no status effects
A: retaliatory headbutt, horns 2
a: no special abilities


You were on level 1 of the Dungeon.
You visited 1 branch of the dungeon, and saw 2 of its levels.

You collected 41 gold pieces.

Inventory:

Hand Weapons
 a - a +0 war axe (weapon)
Missiles
 d - 3 throwing nets (quivered)
Armour
 c - a +0 hat (worn)
 j - a +0 ring mail (worn)
Jewellery
 g - an uncursed ring of magical power {unknown}
Scrolls
 e - a scroll of identify {unknown}
 f - 3 scrolls of remove curse {unknown}
 h - a scroll of teleportation {unknown}
Potions
 i - a potion of haste {unknown}


   Skills:
 - Level 2.4 Fighting
 + Level 4.4 Axes
 - Level 2.0 Throwing
 - Level 3.2 Dodging


You had one spell level left.
You didn't know any spells.
Your spell library was empty.

Dungeon Overview and Level Annotations

Branches:
Dungeon (2/15)

Altars:


Innate Abilities, Weirdness & Mutations

You reflexively headbutt those who attack you in melee.
You have a pair of horns on your head.


Message History

You hit the hobgoblin. You barely miss the hobgoblin.
The hobgoblin hits you but does no damage.
The hobgoblin barely misses you. The worm bites you.
The hobgoblin barely misses you. The hobgoblin barely misses you.
You furiously retaliate!
You headbutt the hobgoblin, but do no damage.
The hobgoblin closely misses you. The worm bites you but does no damage.
The hobgoblin closely misses you. You furiously retaliate!
You headbutt the hobgoblin!
You kill the hobgoblin!
You climb upwards.
There is a stone staircase leading down here.
Sorry, you're not good enough to have a special ability.
The hobgoblin misses you. You furiously retaliate!
You headbutt the hobgoblin.
You kill the hobgoblin!
You have reached level 2!
You hit the hobgoblin. You headbutt the hobgoblin.
You kill the hobgoblin!
The worm bites you!
You die...

#.#########.# #.######. #.#
#.# #.# #. ##.####### #.#
#.# #.
##...)....###.######.# #.
#.........#.......##'######.
#.........#.#...).........#.
#...).....#.#####.........#.
#.........#.# #.........#.
#.........#@# #.#########.
###+#####.#w#####.###### #.
#.......#)>..........# #.
#########..###.#.....####.
#####..###............
#.....................
#........#.......#####
#........+.......#
#........##......#


You could see a worm.

Vanquished Creatures
  4 hobgoblins
  2 bats (D:1)
  3 goblins (D:1)
9 creatures vanquished.

Notes
Turn   | Place    | Note
-------+----------+-------------------------------------------
     0 | D:1      | HoaS the Minotaur Gladiator began the quest for the Orb.
     0 | D:1      | Reached XP level 1. HP: 18/18 MP: 0/0
   264 | D:1      | Reached skill level 4 in Axes
  1005 | D:1      | Reached XP level 2. HP: 7/25 MP: 1/1
  1008 | D:1      | Slain by a worm

Illustrated notes

Levels and vault maps discovered:
D:1:      dpeg_arrival_circle_labyrinth_c, layout_basic, serial_park_tiny_1
D:2:      minmay_chambers_of_ones, layout_rooms, st_stairs_5

Skill      XL: |  1 |
---------------+----+-----
Axes           | 4 |  4.4
Fighting       | |  2.4
Throwing       | |  2.0
Dodging        | |  3.2

Action                   || total
-------------------------++-------
Melee: War axe           ||    13
       Headbutt          ||     4
Armor: Leather armour    ||     5
       Ring mail         ||     3
Dodge: Dodged            ||    15

Table legend: (Time is in decaauts)
 A = Elapsed time spent in this place.
 B = Non-inter-level travel time spent in this place.
 C = Inter-level travel time spent in this place.
 D = Time resting spent in this place.
 E = Time spent auto-exploring this place.
 F = Levels seen in this place.
 G = Mean time per level.
                   A        B        C        D        E       F      G
               +--------+--------+--------+--------+--------+-----+--------+
         Total |   1013 |    811 |    202 |      0 |    743 |   2 |  506.5 |
       Dungeon |   1013 |    811 |    202 |      0 |    743 |   2 |  506.5 |
               +--------+--------+--------+--------+--------+-----+--------+

Top non-repeatable levels by time:
     D:1: 1005 daAuts
     D:2: 7 daAuts
